 Dungeon Crawl Stone Soup version 0.31-a0-799-g6bc09d010c (webtiles) character file.

Game seed: 2719549211892467373

21633 Joey1 the Peltast (level 12, -15/106 HPs)
             Began as a Minotaur Fighter on Sept 19, 2023.
             Was a High Priest of Okawaru.
             Demolished by a troll simulacrum (18 damage)
             ... on level 2 of the Lair of Beasts.
             The game lasted 00:39:33 (12925 turns).

Joey1 the Peltast (Minotaur Fighter)               Turns: 12925, Time: 00:39:34

Health: -15/106    AC: 18    Str: 25    XL:     12   Next: 55%
Magic:  13/17      EV: 12    Int:  5    God:    Okawaru [*****.]
Gold:   661        SH: 27    Dex: 17    Spells: 11/11 levels left

rFire   . . .        a - +3 war axe (freeze)
rCold   . . .        l - +4 tower shield
rNeg    . . .        V - +2 chain mail {rPois}
rPois   +            (helmet restricted)
rElec   .            F - +0 cloak
rCorr   .            y - +1 pair of gloves
SInv    .            J - +0 pair of boots
Will    .....        (no amulet)
Stlth   x              - +6 ring of dexterity
HPRegen 0.37/turn    w - +4 ring of slaying
MPRegen 0.15/turn

%: no passive effects
@: heroic, slowed, very slow
A: horns 2, retaliatory headbutt
a: Renounce Religion, Heroism, Finesse, Duel


You were on level 2 of the Lair of Beasts.
You worshipped Okawaru.
Okawaru was extremely pleased with you.
You visited 3 branches of the dungeon, and saw 13 of its levels.
You also visited: Bailey.

You collected 661 gold pieces.

Inventory:

Hand Weapons
 a - a +3 war axe of freezing (weapon)
 r - a +2 flail of draining
 K - a +5 war axe
 L - a +0 broad axe
 Z - a +1 morningstar of holy wrath
Missiles
 k - 4 javelins
 s - 4 boomerangs (quivered)
 H - 3 throwing nets
Armour
 b - a +0 scale mail
 c - a +0 buckler
 l - a +4 tower shield (worn)
 y - a +1 pair of gloves (worn)
 z - a +0 chain mail
 F - a +0 cloak (worn)
 I - a +0 plate armour
 J - a +0 pair of boots (worn)
 V - a +2 chain mail of poison resistance (worn)
Jewellery
 g - a ring of see invisible
 w - a +4 ring of slaying (right hand)
 x - a +6 ring of dexterity (left hand)
 B - a +6 ring of intelligence
 S - a ring of protection from cold
Wands
 u - a wand of charming (5)
 C - a wand of polymorph (14)
 D - a wand of digging (5)
 G - a wand of mindburst (18)
 N - a wand of flame (9)
 Y - a wand of roots (7)
Scrolls
 e - 4 scrolls of vulnerability
 h - 3 scrolls of revelation {unknown}
 j - 2 scrolls of fog
 m - 2 scrolls of enchant weapon {unknown}
 n - 4 scrolls of teleportation
 p - 2 scrolls of amnesia
 t - 2 scrolls of blinking {unknown}
 M - a scroll of fear {unknown}
 Q - a scroll of brand weapon {unknown}
 T - a scroll of noise {unknown}
 W - 2 scrolls of identify
 X - a scroll of immolation {unknown}
Potions
 d - 2 potions of might
 f - 7 potions of curing
 i - 3 potions of attraction
 o - a potion of berserk rage {unknown}
 q - 5 potions of heal wounds
 v - 3 potions of haste {unknown}
 A - a potion of mutation {unknown}
 E - 3 potions of magic {unknown}
 O - 2 potions of resistance {unknown}
 P - 3 potions of cancellation {unknown}
 R - a potion of brilliance {unknown}


   Skills:
 - Level 10.0(15.0) Fighting
 - Level 16.0(21.0) Axes
 - Level 3.6(8.6) Armour
 - Level 3.0(8.0) Dodging
 + Level 17.7(22.7) Shields
 - Level 8.0 Invocations


You had 11 spell levels left.
You didn't know any spells.
Your spell library contained the following spells:

 Spells                   Type           Power      Damage    Failure   Level
 Blink                    Tloc           0%         N/A       99%         2
 Lesser Beckoning         Tloc           0%         N/A       99%         2
 Momentum Strike          Conj/Tloc      0%         3d8       99%         2
 Manifold Assault         Tloc           0%         N/A       100%        4
 Lee's Rapid Deconstruct  Erth           0%         3d4*      100%        5
 Animate Armour           Summ/Erth      Unusable   N/A       N/A         4
 Summon Lightning Spire   Summ/Air       Unusable   N/A       N/A         4

Dungeon Overview and Level Annotations

Branches:
Dungeon (10/15)            Temple (1/1) D:6            Lair (2/5) D:10
 Shoals (0/4) Lair:2        Snake (0/4) Lair:2       Bailey (visited)
    Orc: D:9-12

Altars:
Ashenzari
Cheibriados
Dithmenos
Elyvilon
Fedhas
Gozag
Hepliaklqana
Kikubaaqudgha
Makhleb
Nemelex Xobeh
Okawaru
Qazlal
Ru
Sif Muna
Trog
Uskayaw
Vehumet
Wu Jian
Xom
Yredelemnul
Zin
The Shining One

Shops:
D:5 :   D:9 *

Annotations:
D:3 1 runed translucent door, Sheldon's ghost, amateur DrMo
Temple 2 transporters
Lair:2 exclusion: ice statue


Innate Abilities, Weirdness & Mutations

You have a pair of horns on your head.
You reflexively headbutt those who attack you in melee.


Message History

Okawaru accepts your kill.
A troll simulacrum comes into view.
You block the yak's attack.
You closely miss the yak.
Your hands slow down.
You slash the yak! You freeze the yak. You headbutt the yak!
The yak is severely wounded.
The yak barely misses you.
You slash the yak! You freeze the yak.
You kill the yak!
Okawaru accepts your kill.
You slice the two-headed ogre simulacrum!!
The two-headed ogre simulacrum is severely damaged.
You block the two-headed ogre simulacrum's attack. x2
You slash the two-headed ogre simulacrum!
The two-headed ogre simulacrum vaporises!
Okawaru accepts your kill.
The troll simulacrum bites you but does no damage.
The troll simulacrum claws you. The troll simulacrum freezes you!
* * * LOW HITPOINT WARNING * * *
You block the troll simulacrum's attack.
You hit the troll simulacrum.
The troll simulacrum is moderately damaged.
You block the troll simulacrum's attack. x2
The troll simulacrum claws you!
* * * LOW HITPOINT WARNING * * *
The troll simulacrum freezes you!
* * * LOW HITPOINT WARNING * * *
You hit the troll simulacrum.
Your headbutt misses the troll simulacrum.
The troll simulacrum is severely damaged.
You block the troll simulacrum's attack. x2
The troll simulacrum misses you.
You hit the troll simulacrum.
The troll simulacrum is almost destroyed.
You block the troll simulacrum's attack. x2
The troll simulacrum claws you.
* * * LOW HITPOINT WARNING * * *
The troll simulacrum freezes you!!
You die...

##....#.#######.#..
#....#### #####
#P...# # ##...##
###....# #~~...##
.~~~##...## .~~
#.).P##.# . .~
#@†...... ..
..~~~~.Z........
..~~~...........
..~~~...........
..~~~...........
..≈~~.....<.....
..~~~..........
..~~~##........


You could see a troll simulacrum.

Vanquished Creatures
  A catoblepas (Lair:1)
  3 two-headed ogres
  Pikel (D:6)
  A bog body (Lair:2)
  2 cyclopes
  A black mamba (Lair:2)
  A merfolk siren (Lair:2)
  A rime drake (Lair:2)
  Psyche (D:10)
  Maggie (D:7)
  3 komodo dragons
  Jeremiah (D:9)
  A freezing wraith (Lair:2)
  An ice devil (Lair:2)
  3 merfolk (Lair:2)
  8 polar bears
  6 blink frogs
  6 spriggans (Bailey)
  A wyvern (Lair:1)
  2 wraiths (D:10)
  11 yaks
  2 shadows
  Eustachio (D:6)
  A basilisk (Lair:1)
  3 steam dragons
  Edmund (D:5)
  2 nagas (Lair:2)
  5 water moccasins
  2 black bears
  9 ice beasts
  3 orc warriors
  6 ogres
  8 wolves
  4 centaurs
  2 lemures (D:6)
  2 phantoms
  2 kobold brigands
  9 bullfrogs
  2 gnoll sergeants (D:7)
  A scorpion (D:4)
  A two-headed ogre simulacrum (Lair:2)
  25 wights
  5 howler monkeys (D:9)
  An electric eel (D:6)
  A gnoll bouda (D:8)
  2 hounds
  4 jellies
  3 orc priests
  Crazy Yiuf (D:6)
  3 sleepcaps
  Jessica (D:2)
  9 orc wizards
  4 iguanas
  A wolf simulacrum (Lair:2)
  A mummy (D:7)
  18 gnolls
  13 adders
  3 shadow imps
  3 white imps (Lair:2)
  An ufetubus (D:5)
  2 worms (D:3)
  2 dart slugs
  35 orcs
  4 bats
  7 endoplasms
  4 giant cockroaches
  6 goblins
  10 hobgoblins
  6 jackals
  12 kobolds
  3 quokkas
  8 ball pythons
  5 frilled lizards
  5 rats
330 creatures vanquished.

Vanquished Creatures (others)
  An orc wizard (D:7)
1 creature vanquished.

Grand Total: 331 creatures vanquished

Notes
Turn   | Place    | Note
-------+----------+-------------------------------------------
     0 | D:1      | Joey1 the Minotaur Fighter began the quest for the Orb.
     0 | D:1      | Reached XP level 1. HP: 19/19 MP: 0/0
    96 | D:1      | Reached XP level 2. HP: 25/27 MP: 1/1
   310 | D:1      | Reached skill level 1 in Dodging
   346 | D:1      | Reached skill level 4 in Shields
   450 | D:2      | Reached XP level 3. HP: 33/33 MP: 2/2
   978 | D:2      | Noticed Jessica
  1001 | D:2      | Killed Jessica
  1002 | D:2      | Reached XP level 4. HP: 14/41 MP: 3/3
  1471 | D:3      | Reached XP level 5. HP: 47/47 MP: 4/4
  1506 | D:3      | Found a faded altar of an unknown god.
  1918 | D:3      | Reached skill level 5 in Shields
  2077 | D:3      | Reached skill level 5 in Fighting
  2292 | D:3      | Found a runed translucent door.
  2293 | D:3      | Noticed Sheldon's ghost (amateur DrMo)
  2338 | D:4      | Reached XP level 6. HP: 46/56 MP: 5/5
  2555 | D:4      | Noticed an orc warrior
  2575 | D:5      | Entered Level 5 of the Dungeon
  2575 | D:5      | Found a white marble altar of Elyvilon.
  2588 | D:5      | Reached skill level 5 in Axes
  2607 | D:5      | Reached skill level 6 in Shields
  2678 | D:5      | Found Ucaunas's Tremendous Tomes.
  2749 | D:5      | Found a glowing silver altar of Zin.
  2820 | D:5      | Reached XP level 7. HP: 14/61 MP: 6/6
  2852 | D:5      | Found a blossoming altar of Fedhas.
  3008 | D:4      | Found a broken altar of Ashenzari.
  3662 | D:4      | Found a hazy altar of Hepliaklqana.
  3863 | D:5      | Reached skill level 7 in Shields
  3909 | D:5      | Found a radiant altar of Vehumet.
  3966 | D:5      | Noticed Edmund
  3978 | D:5      | Killed Edmund
  4159 | D:5      | Found a sparkling altar of Nemelex Xobeh.
  4247 | D:6      | Reached XP level 8. HP: 39/68 MP: 7/7
  4251 | D:5      | Reached skill level 8 in Shields
  4785 | D:6      | Noticed a cyclops
  4920 | D:6      | Reached skill level 9 in Shields
  5213 | D:6      | Reached skill level 10 in Shields
  5676 | D:6      | Noticed Eustachio
  5683 | D:6      | Reached XP level 9. HP: 73/74 MP: 8/8
  5706 | D:6      | Killed Eustachio
  5707 | D:6      | Reached skill level 11 in Shields
  5749 | D:6      | Killed a cyclops
  5750 | D:6      | Reached skill level 10 in Axes
  5904 | D:6      | Noticed Pikel
  5930 | D:6      | Killed Pikel
  5931 | D:6      | Reached skill level 12 in Shields
  6068 | D:6      | Found a staircase to the Ecumenical Temple.
  6237 | Temple   | Found a transporter.
  6237 | Temple   | Found a transporter.
  6237 | Temple   | Found a transporter.
  6237 | Temple   | Found a transporter.
  6237 | Temple   | Entered the Ecumenical Temple
  6250 | Temple   | Became a worshipper of Warmaster Okawaru
  6318 | D:6      | Found a runed translucent door.
  6319 | D:6      | Noticed Crazy Yiuf
  6326 | D:6      | Killed Crazy Yiuf
  6441 | D:7      | Reached skill level 13 in Shields
  6723 | D:7      | Reached * piety under Okawaru
  6919 | D:7      | Reached skill level 14 in Shields
  7069 | D:7      | Noticed Maggie
  7078 | D:7      | Killed Maggie
  7079 | D:7      | Reached XP level 10. HP: 66/81 MP: 6/9
  7430 | D:7      | Found a snail-covered altar of Cheibriados.
  7847 | D:7      | Found a shimmering blue altar of Sif Muna.
  8431 | D:8      | Found a flagged portal.
  8454 | Bailey   | Entered a bailey
  8479 | Bailey   | Reached skill level 15 in Shields
  8534 | Bailey   | Reached ** piety under Okawaru
  8546 | Bailey   | Noticed a two-headed ogre
  8558 | Bailey   | Killed a two-headed ogre
  8949 | D:8      | Reached *** piety under Okawaru
  9263 | D:9      | Noticed a two-headed ogre
  9271 | D:8      | Reached skill level 15 in Axes
  9309 | D:9      | Killed a two-headed ogre
  9561 | D:9      | Reached XP level 11. HP: 86/86 MP: 10/10
  9625 | D:9      | Found Sischyuve's Fire Supplies.
  9672 | D:9      | Reached **** piety under Okawaru
  9909 | D:9      | Noticed Jeremiah
  9917 | D:9      | Killed Jeremiah
  9961 | D:9      | Reached skill level 1 in Invocations
 10290 | D:10     | Entered Level 10 of the Dungeon
 10362 | D:10     | Noticed Psyche
 10376 | D:10     | Killed Psyche
 10429 | D:10     | Found a staircase to the Lair.
 10430 | D:10     | Noticed a two-headed ogre
 10436 | D:10     | Killed a two-headed ogre
 10477 | D:10     | Reached ***** piety under Okawaru
 11158 | Lair:1   | Entered Level 1 of the Lair of Beasts
 11276 | Lair:1   | Received a gift from Okawaru
 11309 | Lair:1   | Reached skill level 5 in Invocations
 11500 | Lair:1   | Noticed a catoblepas
 11506 | Lair:1   | Killed a catoblepas
 12121 | Lair:2   | Reached XP level 12. HP: 104/105 MP: 15/15
 12228 | Lair:2   | Found the +10 morningstar "Eos" {elec, Halo rElec}
 12244 | Lair:2   | Reached skill level 10 in Fighting
 12350 | Lair:2   | Found a staircase to the Shoals.
 12619 | Lair:2   | Found a staircase to the Snake Pit.
 12652 | Lair:2   | Received a gift from Okawaru
 12653 | Lair:2   | Reached skill level 16 in Shields
 12904 | Lair:2   | Reached skill level 17 in Shields
 12925 | Lair:2   | HP: 3/106 [troll simulacrum (6)]
 12925 | Lair:2   | Demolished by a troll simulacrum

Illustrated notes

Levels and vault maps discovered:
D:1:      lemuel_arrival_tunnels, layout_rooms
D:2:      layout_loops_ring, nicolae_underground_beach, uniq_jessica
D:3:      minmay_chambers_of_twos, layout_loops_ring, gammafunk_ghost_grave,
          hellmonk_ecumenical_altar_dog_temple
D:4:      layout_basic, nicolae_ashenzari_panopticon,
          worldfamousw_hep_ancestral_shrine, chequers_big_river,
          roderic_serpentine_path
D:5:      layout_gridville, mainiacjoe_overflow_chevrons, lemuel_round_altar,
          zin_treasury, overflow_temple_1_default,
          nemelex_xobeh_ov_fountains_minmay, nicolae_shop_i_like_big_books,
          uniq_edmund
D:6:      layout_gridville, temple_doors_e, serial_bayou_lagoon_a,
          minmay_manual_monolith, uniq_crazy_yiuf_cottage, uniq_eustachio,
          uniq_pikel
D:7:      layout_layer_cave, slow_altar_2, tgw_sif, uniq_maggie
D:8:      layout_basic, enter_bailey_2, kennysheep_generic_room_11
D:9:      layout_irregular_city, nicolae_shop_fire_sale
          [nicolae_sub_dead_trees], uniq_jeremiah
D:10:     layout_loops_ring, lair_entry_dummy, kennysheep_doodads, uniq_psyche
Temple:   hellmonk_temple_divided_pantheon
Lair:1:   layout_long_grid, minivault_11, nicolae_quartered_pool_little
Lair:2:   dreamdust_isle_of_ice, layout_long_grid, elwin_shoals_entry_stream,
          guppyfry_snake_entry_island, ice2_lemuel

Skill      XL: |  1  2  3  4  5  6  7  8  9 10 11 12 |
---------------+-------------------------------------+-----
Dodging        | 1 2 3 |  3.0
Shields        | 4 5 6 7 10 14 15 17 | 17.7
Fighting       | 4 5 9 10 | 10.0
Axes           | 3 4 5 7 9 12 15 16 | 16.0
Invocations    | 6 8 |  8.0
Armour         | |  3.6

Action                     |  1- 3 |  4- 6 |  7- 9 | 10-12 || total
---------------------------+-------+-------+-------+-------++-------
  Melee: War axe           |    41 |       |    16 |   391 ||   448
         Headbutt          |     7 |    17 |    55 |    85 ||   164
         Hand axe          |    43 |   154 |   236 |       ||   433
  Throw: Boomerang         |       |       |       |     3 ||     3
 Invoke: Heroism           |       |       |     1 |     3 ||     4
         Finesse           |       |       |       |     2 ||     2
    Use: Scroll            |       |       |     5 |    10 ||    15
         Potion            |       |       |     1 |     1 ||     2
 Armour: Scale mail        |    44 |    78 |     5 |       ||   127
         Chain mail        |       |       |   127 |    99 ||   226
         Plate armour      |       |       |       |    47 ||    47
  Dodge: Dodged            |    30 |    38 |    40 |    47 ||   155
  Block: Buckler           |     8 |       |       |       ||     8
         Tower shield      |    28 |   107 |   184 |   363 ||   682

Table legend: (Time is in decaauts)
 A = Elapsed time spent in this place.
 B = Non-inter-level travel time spent in this place.
 C = Inter-level travel time spent in this place.
 D = Time resting spent in this place.
 E = Time spent auto-exploring this place.
 F = Levels seen in this place.
 G = Mean time per level.
                   A        B        C        D        E       F      G
               +--------+--------+--------+--------+--------+-----+--------+
         Total |  13020 |  12171 |    849 |   1531 |   7944 |  14 |  930.0 |
       Dungeon |  10873 |  10057 |    816 |   1237 |   6750 |  10 | 1087.3 |
        Temple |     36 |     36 |      0 |      0 |      0 |   1 |   36.0 |
          Lair |   1740 |   1707 |     33 |    182 |   1151 |   2 |  870.0 |
        Bailey |    370 |    370 |      0 |    112 |     42 |   1 |  370.0 |
               +--------+--------+--------+--------+--------+-----+--------+

Top non-repeatable levels by time:
     D:7: 1728 daAuts
     D:6: 1588 daAuts
     D:5: 1524 daAuts
     D:4: 1249 daAuts
     D:9: 1019 daAuts
     D:2: 1017 daAuts
  Lair:1: 936 daAuts
     D:3: 934 daAuts
  Lair:2: 804 daAuts
    D:10: 697 daAuts
     D:8: 654 daAuts
     D:1: 458 daAuts
  Bailey: 370 daAuts
  Temple: 36 daAuts
